 Dungeon Crawl Stone Soup version 0.32-a0-834-geaf45d8e21 (webtiles) character file.

Game seed: 9993768918903825745

202 Ruich the Vexing (level 5, -20/36 HPs)
             Began as a Vampire Hexslinger on Mar 25, 2024.
             Killed from afar by a steam dragon (26 damage)
             ... with a ball of steam
             ... on level 5 of the Dungeon.
             The game lasted 00:09:04 (3126 turns).

Ruich the Vexing (Vampire Hexslinger)               Turns: 3126, Time: 00:09:04

Health: -20/36     AC:  4    Str:  7    XL:     5   Next: 50%
Magic:  3/8        EV:  3    Int: 15    God:
Gold:   88         SH: 26    Dex: 19    Spells: 4/9 levels left

rFire   . . .        A - +0 long sword
rCold   . . .        y - +18 shield of the Gong {Loud rN+ Will+ rCorr EV-5}
rNeg    + . .        c - +0 robe
rPois   .            k - +0 helmet
rElec   .            t - +0 cloak
rCorr   +            (no gloves)
SInv    +            (no boots)
Will    +....        (no amulet)
Stlth   +++          n - ring of wizardry
HPRegen 0.46/turn    (no ring)
MPRegen 0.11/turn

%: wizardry (x1)
@: very slightly contaminated, healing quickly
A: alive, fangs 3, see invisible, vampiric 2
a: Exsanguinate


You were on level 5 of the Dungeon.
You visited 1 branch of the dungeon, and saw 5 of its levels.

You collected 88 gold pieces.


Innate Abilities, Weirdness & Mutations

Your natural rate of healing is accelerated.
You have razor-sharp teeth.
You have supernaturally acute eyesight. (SInv)
You are afflicted with vampirism and can become a bat while bloodless.


   Skills:
 - Level 0.8 Fighting
 + Level 0.5 Long Blades
 - Level 2.6 Ranged Weapons
 - Level 2.1 Dodging
 - Level 3.7 Stealth
 + Level 0.5 Shields
 + Level 2.5 Spellcasting
 + Level 5.8 Hexes
 - Level 0.7 Fire Magic


You had 4 spell levels left.
You knew the following spells:

 Your Spells              Type           Power      Damage    Failure   Level
j - Jinxbite              Hex            38%        N/A       10%         2
s - Sigil of Binding      Hex            19%        N/A       19%         3

Your spell library contained the following spells:

 Spells                   Type           Power      Damage    Failure   Level
 Inner Flame              Hex/Fire       11%        N/A       45%         3
 Cause Fear               Hex            9%         N/A       50%         4
 Dimensional Bullseye     Hex/Tloc       5%         N/A       88%         4

Inventory:

Hand Weapons
 a - a +1 sling
 g - a +0 orcbow
 A - a +0 long sword (weapon)
Missiles
 m - 3 javelins (quivered)
 o - 3 poisoned darts
 v - 2 darts of dispersal {=f}
 z - 6 boomerangs
Armour
 c - a +0 robe (worn)
 k - a +0 helmet (worn)
 t - a +0 cloak (worn)
 y - the +18 shield of the Gong (worn) {Loud rN+ Will+ rCorr EV-5}
   (You found it on level 4 of the Dungeon)

   Loud:      It is deafeningly noisy when blocking attacks.
   EV-5:      It affects your evasion (-5).
   rN+:       It protects you from negative energy.
   Will+:     It increases your willpower.
   rCorr:     It protects you from acid and corrosion.
Magical Staves
 r - a staff of air {!a}
Jewellery
 n - a ring of wizardry (left hand)
Scrolls
 b - 3 scrolls of poison
 d - 2 scrolls of torment {unknown}
 e - a scroll of identify {unknown}
 i - 2 scrolls of vulnerability {unknown}
 j - 2 scrolls of silence {unknown}
 l - 2 scrolls of fog {unknown}
 q - a scroll of noise {unknown}
 s - a scroll of immolation {unknown}
 w - a scroll of brand weapon {unknown}
Potions
 f - a potion of degeneration {unknown}
 h - a potion of haste {unknown}
 p - a potion of brilliance {unknown}
 u - a potion of might {unknown}
 x - a potion of berserk rage {unknown}

Dungeon Overview and Level Annotations

Branches:
Dungeon (5/15) Zot: 26724
 Temple: D:4-7

Altars:
Dithmenos
Nemelex Xobeh

Shops:
D:2 (

Annotations:
D:3 2 transporters, Gazog's ghost, amateur TrDe

#.........# #.#
#.......###
##....###.#
#.###.####### #
#.##.[...# #...#.### #
##.##.########.....#<#
##### #.....#
#>....###.# #....
####### #.###.# #.#
#.##. #.....# #.#
#.##. ####'#####
#.###'### #..@D..#
#.......# #..§§§.#
###.....# #...§§§#
#.....# #...§§.#
#.....# #..§§§.#
####### ####§##. #.#
.. #.# .. #+# ...


You could see a steam dragon (catching breath).


Message History

The steam dragon bites you.
* * * LOW HITPOINT WARNING * * *
You block the steam dragon's attack.
BONNNG!
You block the steam dragon's attack.
SHROANNG!
You block the steam dragon's attack.
GONNNNG!
You hit the steam dragon but do no damage.
The steam dragon is moderately wounded.
The steam dragon breathes steam at you.
* * * LOW HITPOINT WARNING * * *
You block the steam dragon's attack.
PTOANNNG!
You block the steam dragon's attack.
PTOANNNG!
You hear an angry growl.
You block the steam dragon's attack.
BOUMMMMG!
You block the steam dragon's attack.
PTOANNNG!
Unknown command.
You slash the steam dragon!
The steam dragon is severely wounded.
You block the steam dragon's attack.
BOUMMMMG!
You block the steam dragon's attack.
BONNNG!
The steam dragon breathes steam at you.
Ouch! That really hurt!
You die...

Skill      XL: |  1  2  3  4 |
---------------+-------------+-----
Stealth        | 1 2 3 |  3.7
Ranged Weapons | 2 |  2.6
Hexes          | 5 |  5.8
Spellcasting   | 2 |  2.5
Fighting       | |  0.8
Long Blades    | |  0.5
Dodging        | |  2.1
Shields        | |  0.5
Fire Magic     | |  0.7

Action                     |  1- 3 |  4- 6 || total
---------------------------+-------+-------++-------
  Melee: Long sword        |       |    13 ||    13
         Bite              |       |     1 ||     1
   Fire: Sling             |   123 |    74 ||   197
  Throw: Javelin           |       |     3 ||     3
   Cast: Jinxbite          |     7 |    11 ||    18
         Sigil of Binding  |       |     1 ||     1
 Armour: Robe              |    28 |    32 ||    60
  Dodge: Dodged            |    49 |    23 ||    72
  Block: Kite shield       |       |    28 ||    28

Levels and vault maps discovered:
D:1:      mrwooster_arrival_arrow, layout_basic, corexii_leaking_fountain,
          dreamdust_mushroom_princess
D:2:      layout_basic, serial_shops, shop, chequers_serial_rivers_micro_d,
          corexii_corridor_pit, minmay_misc_feat_encased, minmay_statues_item
D:3:      layout_basic, gammafunk_ghost_smash
D:4:      layout_basic, nemelex_diamond_rough_becter, uniq_crazy_yiuf_cottage
D:5:      layout_basic, mainiacjoe_overflow_catwalk

Notes
Turn   | Place    | Note
-------+----------+-------------------------------------------
     0 | D:1      | Ruich the Vampire Hexslinger began the quest for the Orb.
     0 | D:1      | Reached XP level 1. HP: 14/14 MP: 2/2
    70 | D:1      | Reached skill level 1 in Stealth
    95 | D:1      | Reached XP level 2. HP: 20/20 MP: 3/3
   104 | D:1      | Learned a level 2 spell: Jinxbite
   578 | D:1      | Reached skill level 2 in Ranged Weapons
   763 | D:1      | Reached skill level 2 in Stealth
   763 | D:1      | Gained mutation: You are afflicted with vampirism and can
                  | become a bat while bloodless. [Vampire growth]
   763 | D:1      | Reached XP level 3. HP: 24/25 MP: 2/5
   929 | D:1      | Learned a level 3 spell: Sigil of Binding
  1138 | D:2      | Reached skill level 5 in Hexes
  1447 | D:2      | Reached XP level 4. HP: 31/31 MP: 3/6
  1543 | D:2      | Found Jikhleets's Antique Weapon Shoppe.
  1709 | D:3      | Noticed Gazog's ghost (amateur TrDe)
  1726 | D:3      | Found a transporter.
  1815 | D:3      | Reached skill level 3 in Stealth
  1935 | D:3      | Reached skill level 2 in Spellcasting
  2218 | D:3      | Found a transporter.
  2219 | D:3      | Noticed an ogre
  2651 | D:4      | Found a sparkling altar of Nemelex Xobeh.
  2692 | D:4      | Reached XP level 5. HP: 35/36 MP: 5/8
  2732 | D:4      | Found the +18 shield of the Gong {Loud rN+ Will+ rCorr
                  | EV-5}
  2860 | D:5      | Entered Level 5 of the Dungeon
  2919 | D:5      | Found a shadowy altar of Dithmenos.
  3117 | D:5      | Noticed a steam dragon
  3126 | D:5      | Killed from afar by a steam dragon

Vanquished Creatures
  A jelly (D:5)
  A bombardier beetle (D:4)
  An iguana (D:4)
  4 adders
  A dart slug (D:3)
  2 ribbon worms (D:2)
  5 orcs
  6 bats
  2 endoplasms
  3 giant cockroaches
  7 goblins
  8 hobgoblins
  4 jackals (D:1)
  3 quokkas
  6 ball pythons
  4 frilled lizards
  5 kobolds
  5 rats
68 creatures vanquished.

Table legend: (Time is in decaauts)
 A = Elapsed time spent in this place.
 B = Non-inter-level travel time spent in this place.
 C = Inter-level travel time spent in this place.
 D = Time resting spent in this place.
 E = Time spent auto-exploring this place.
 F = Levels seen in this place.
 G = Mean time per level.
                   A        B        C        D        E       F      G
               +--------+--------+--------+--------+--------+-----+--------+
         Total |   3197 |   3066 |    131 |    154 |   2263 |   5 |  639.4 |
       Dungeon |   3197 |   3066 |    131 |    154 |   2263 |   5 |  639.4 |
               +--------+--------+--------+--------+--------+-----+--------+

Top non-repeatable levels by time:
     D:1: 1017 daAuts
     D:3: 827 daAuts
     D:2: 650 daAuts
     D:4: 427 daAuts
     D:5: 274 daAuts

Table legend:
 A = Non-vault XP
 B = Vault XP
 C = Vault XP percentage of total XP
 D = Non-vault monster count
 E = Vault monster count
 F = Vault count percentage of total count
                 A         B        C        D         E       F
            +---------+---------+-------+---------+---------+-------
      Total |     289 |       0 |   0.0 |      68 |       0 |   0.0
            +---------+---------+-------+---------+---------+-------
        D:1 |      45 |       0 |   0.0 |      29 |       0 |   0.0
        D:2 |      52 |       0 |   0.0 |      14 |       0 |   0.0
        D:3 |      40 |       0 |   0.0 |      13 |       0 |   0.0
        D:4 |      94 |       0 |   0.0 |      10 |       0 |   0.0
        D:5 |      58 |       0 |   0.0 |       2 |       0 |   0.0
            +---------+---------+-------+---------+---------+-------
